 Dungeon Crawl Stone Soup version 0.31-a0-750-gfe7b580527 (webtiles) character file.

Game seed: 16593061347644956145

55793 Aneyh the Warrior (level 14, -3/97 HPs)
             Began as a Tengu Monk on Sept 15, 2023.
             Was the Champion of Hepliaklqana.
             Slain by a six-headed hydra (10 damage)
             ... on level 2 of the Swamp.
             The game lasted 01:05:54 (20764 turns).

Aneyh the Warrior (Tengu Monk)                     Turns: 20764, Time: 01:05:55

Health: -3/97      AC:  4    Str: 15    XL:     14   Next: 78%
Magic:  15/15      EV: 19    Int: 10    God:    Hepliaklqana [******]
Gold:   1865       SH:  5    Dex: 27    Spells: 13/13 levels left

rFire   + . .        b - +0 great mace (protect)
rCold   + . .        (shield currently unavailable)
rNeg    . . .        N - +0 troll leather armour
rPois   .            (helmet restricted)
rElec   .            j - scarf {rC+ rF+}
rCorr   .            x - +0 pair of gloves
SInv    .            (boots unavailable)
Will    ++...        h - amulet of reflection
Stlth   ++           m - +6 ring of dexterity
HPRegen 1.96/turn    P - ring of willpower
MPRegen 0.14/turn

%: reflection, acrobat
@: about to teleport, flying, studying Armour, unable to drink
A: reduced essence, beak, talons 3, evasive flight, acrobatic, agile 1,
regeneration 1, inability to drink after injury 1
a: Renounce Religion, Recall Ancestor, Ancestor Identity, Transference, Idealise


You were on level 2 of the Swamp.
You worshipped Hepliaklqana.
Hepliaklqana was exalted by your worship.
You visited 5 branches of the dungeon, and saw 22 of its levels.
You also visited: Ossuary.

You collected 2065 gold pieces.
You spent 200 gold pieces at shops.

Inventory:

Hand Weapons
 a - a +0 battleaxe
 b - a +0 great mace of protection (weapon)
 c - a +3 trident of draining
 e - a +0 heavy great sword
 k - a +2 broad axe
 E - a +0 glaive
 I - a +0 arbalest
 L - a +2 spear of venom
 S - a +0 orcbow
Missiles
 u - 69 poisoned darts
 B - a throwing net
 G - 3 boomerangs
 W - 2 javelins
Armour
 f - the +3 hat of Pondering {ponderous, Will+ MP+10 Int+5}
   (You took it off Gastronok on level 10 of the Dungeon)

   Int+5:     It affects your intelligence (+5).
   Will+:     It increases your willpower.
   MP+10:     It affects your magic capacity (+10).
 i - a +4 chain mail
 j - a scarf of resistance (worn)
 x - a +0 pair of gloves (worn)
 M - a +2 kite shield
 N - a +0 troll leather armour (worn)
 Y - the +1 cloak of the Shoals {Harm}
   (You found it on level 13 of the Dungeon)

   Harm:      It increases damage dealt and taken.
Jewellery
 h - an amulet of reflection (around neck)
 m - a +6 ring of dexterity (left hand)
 q - a ring of protection from fire
 t - a ring of protection from fire
 v - an amulet of guardian spirit
 K - a +6 ring of intelligence
 P - a ring of willpower (right hand)
 X - a ring of willpower
 Z - a ring of positive energy
Wands
 g - a wand of digging (7)
 s - a wand of acid (3)
 w - a wand of charming (16)
 Q - a wand of roots (4)
 R - a wand of flame (12)
Scrolls
 d - 2 scrolls of immolation
 l - 5 scrolls of teleportation
 p - a scroll of fog
 y - 2 scrolls of torment
 C - 2 scrolls of noise
 D - 2 scrolls of identify
 H - 2 scrolls of poison
 O - a scroll of revelation
Potions
 n - 2 potions of mutation
 o - 2 potions of lignification
 r - 7 potions of brilliance
 z - 5 potions of curing
 A - a potion of enlightenment
 F - a potion of berserk rage
 J - 2 potions of haste
 T - 2 potions of might


   Skills:
 + Level 20.2 Fighting
 - Level 14.0(15.1) Axes
 - Level 9.5(13.0) Maces & Flails
 + Level 3.2 Armour
 - Level 4.0 Dodging


You had 13 spell levels left.
You didn't know any spells.
Your spell library contained the following spells:

 Spells                   Type           Power      Damage    Failure   Level
 Freeze                   Ice            0%         1d3       43%         1
 Cigotuvi's Dreadful Rot  Necr/Pois/Air  0%         N/A       56%         2
 Ensorcelled Hibernation  Hex/Ice        0%         N/A       56%         2
 Jinxbite                 Hex            0%         N/A       56%         2
 Dazzling Flash           Conj/Hex       0%         N/A       80%         3
 Frozen Ramparts          Ice            0%         1d1       80%         3
 Hailstorm                Conj/Ice       0%         3d3       80%         3
 Ignite Poison            Fire/Tmut/Pois 0%         N/A       80%         3
 Stone Arrow              Conj/Erth      0%         3d7       80%         3
 Summon Guardian Golem    Hex/Summ       0%         N/A       80%         3
 Anguish                  Hex/Necr       0%         N/A       99%         4
 Passage of Golubria      Tloc           0%         N/A       99%         4
 Sticky Flame             Conj/Fire      0%         2d3       99%         4
 Freezing Cloud           Conj/Ice/Air   0%         6-21      100%        5
 Silence                  Hex/Air        0%         N/A       100%        5
 Summon Forest            Summ/Tloc      0%         N/A       100%        5
 Summon Mana Viper        Hex/Summ       0%         N/A       100%        5
 Summon Cactus Giant      Summ           0%         N/A       100%        6
 Ignition                 Fire           0%         3d3       100%        8
 Lehudib's Crystal Spear  Conj/Erth      0%         10d2      100%        8


Dungeon Overview and Level Annotations

Branches:
Dungeon (15/15)            Temple (1/1) D:6            Lair (2/5) D:11
  Swamp (2/4) Lair:2          Orc (2/2) D:10         Vaults (0/5) D:14
Ossuary (visited)
  Snake: Lair:2-3    Spider: Lair:2-3       Elf: Orc:2       Depths: D:15

Altars:
Ashenzari
Cheibriados
Dithmenos
Elyvilon
Fedhas
Gozag
Hepliaklqana
Kikubaaqudgha
Makhleb
Nemelex Xobeh
Okawaru
Qazlal
Ru
Sif Muna
Trog
Uskayaw
Vehumet
Wu Jian
Xom
Yredelemnul
Zin
The Shining One

Shops:
D:5 [:   D:10 *   D:12 *

Annotations:
D:15 Jorgrun
Lair:1 Erica
Orc:2 Saint Roka


Innate Abilities, Weirdness & Mutations

Your life essence is reduced to manifest your ancestor. (-10% HP)
You have a beak for a mouth.
You have claws for feet.
Your magical flight helps you evade attacks. (EV +4)
You can magically evade attacks while moving or waiting.
You are agile. (Dex +4, Str/Int -1)
Your natural rate of healing is unusually fast.
You occasionally lose the ability to drink potions when taking damage.


Message History

You hit the swamp worm. You claw the swamp worm.
The swamp worm is moderately wounded.
The will-o-the-wisp gestures.
The will-o-the-wisp conjures some marshlight!
The swamp worm bites you.
You feel threatened and lose the ability to drink potions!
The tyrant leech bites you but does no damage. 2 foxfires come into view.
As you read the scroll of teleportation, it crumbles to dust.
You feel strangely unstable. The foxfire hits you! You resist.
The foxfire hits you! You resist. The swamp worm closely misses you.
The will-o-the-wisp blinks!
The spriggan druid closely misses you.
Centenhua closely misses the swamp worm.
The swamp worm fires a harpoon shot at you.
The harpoon shot hits you!
You are yanked forward by the harpoon shot.
You block the tyrant leech's attack.
The spriggan druid hits you with a +0 quarterstaff!
* * * LOW HITPOINT WARNING * * *
The swamp worm completely misses you.
You cannot drink potions in your current state!
The spriggan druid attacks as it pursues you!
The spriggan druid completely misses you.
Centenhua hits the swamp worm with a +0 flail!
The swamp worm attacks as it pursues you!
The swamp worm completely misses you.
The spriggan druid attacks as it pursues you!
The spriggan druid misses you.
Your surroundings suddenly seem different.
An eleionoma, a bloated husk, a will-o-the-wisp and 2 hydras come into view.
Found a scroll labelled XOHAONK XUILA.
The will-o-the-wisp moves out of view.
As you read the scroll of teleportation, it crumbles to dust.
You feel strangely unstable.
The eleionoma shouts!
The six-headed hydra roars!
You hear a chilling moan.
The six-headed hydra bites you!
* * * LOW HITPOINT WARNING * * *
The six-headed hydra bites you!
* * * LOW HITPOINT WARNING * * *
The six-headed hydra bites you!
You die...

.....~.. ♣♣..♣
..♣.♣~..
♣♣♣.~~♣♣♣♣♣
♣..♣~~
♣§.~~~~~..♣
♣♣~~§§
♣~.~~~..~.
♣~.♣♣ ♣~D~§~~..
♣ ♣$.
♣.~~~~n♣♣.~~
..~ .
.~♣♣..~~D.~~.~~
..
.R~.~~~@....~~~
~~
♣♣~..~~...~~~~~
♣♣♣.~~~.......
♣...~...~.~♣
....~~~~~.♣♣♣
♣...~~~~~~.♣
..?..≈~~~~~.♣
♣.≈≈≈≈..~.~.♣


You could see an eleionoma, a six-headed hydra, a five-headed hydra and a
bloated husk.

Vanquished Creatures
  Rupert (D:14)
  Gastronok (D:10)
  An ettin (Orc:2)
  An ice dragon (D:11)
  Harold (D:10)
  3 hydras
  A death knight (D:11)
  2 alligators (Swamp:1)
  2 centaur warriors
  4 two-headed ogres
  A boulder beetle (D:14)
  A tengu warrior (D:11)
  A goliath frog (Swamp:1)
  2 bog bodies (Lair:2)
  A swamp dragon (Swamp:1)
  A wizard (D:14)
  An orc knight (Orc:1)
  An orc sorcerer (Orc:1)
  2 deep elf pyromancers
  3 cyclopes
  4 manticores
  5 ugly things
  2 black mambas (Lair:1)
  3 cane toads
  Jeremiah (Lair:1)
  3 kobold demonologists
  3 unseen horror zombies (D:9)
  A freezing wraith (D:11)
  2 efreet
  3 komodo dragons
  A tengu conjurer (D:13)
  A queen bee (shapeshifter) (D:11)
  8 trolls
  3 meliai (D:13)
  2 tyrant leeches
  4 hornets
  3 spriggans
  2 wyverns
  A vampire (D:13)
  4 wraiths
  22 yaks
  2 basilisks
  4 vampire mosquitoes
  A two-headed ogre zombie (D:10)
  4 swamp worms
  2 acid dragons
  A warg (Orc:1)
  6 orc warriors
  A water moccasin (Lair:1)
  A hornet zombie (D:9)
  2 black bears
  An ice beast (D:5)
  10 wolves
  5 boggarts (D:14)
  13 ogres
  9 centaurs
  2 phantoms
  5 kobold brigands
  5 bullfrogs
  5 water moccasin zombies (Ossuary)
  4 scorpions
  14 wights
  5 killer bees (D:11)
  A troll zombie (D:10)
  2 howler monkeys
  2 centaur zombies (D:9)
  4 hounds
  3 jellies
  Crazy Yiuf (D:6)
  6 orc priests
  2 sleepcaps
  Jessica (D:3)
  12 orc wizards
  4 iguanas
  A killer bee zombie (D:9)
  4 ogre zombies (D:10)
  3 mummies
  A howler monkey zombie (D:9)
  19 gnolls
  3 adders
  3 river rats (D:5)
  A white imp (D:5)
  An ufetubus (D:6)
  8 adder zombies (Ossuary)
  6 worms
  3 dart slugs
  37 orcs
  7 endoplasms
  5 giant cockroaches
  6 goblins
  6 hobgoblins
  18 kobolds
  4 quokkas
  10 ball pythons
  8 bats
  2 frilled lizards (D:1)
  2 gnoll zombies (Ossuary)
  A goblin skeleton (D:10)
  4 goblin zombies (D:10)
  A hobgoblin skeleton (D:10)
  4 hobgoblin zombies
  7 kobold zombies (Ossuary)
  2 orc skeletons (D:10)
  10 orc zombies
  5 rats
  A spectral orc (D:3)
442 creatures vanquished.

Vanquished Creatures (collateral kills)
  A hydra (Swamp:1)
  An ogre mage (D:15)
  An alligator (Swamp:1)
  A tengu warrior (D:13)
  A two-headed ogre (D:10)
  A boulder beetle (D:7)
  Lodul (D:11)
  A goliath frog (Swamp:1)
  A will-o-the-wisp (Swamp:1)
  An orc sorcerer (D:10)
  2 manticores (D:11)
  An ugly thing (D:15)
  An unseen horror zombie (D:9)
  A kobold demonologist (D:12)
  A troll (D:10)
  A hornet (shapeshifter) (D:11)
  2 hornets
  A wyvern (D:8)
  A wraith (D:11)
  3 spriggans
  A vampire (D:10)
  2 yaks
  2 shadows (D:10)
  A warg (Orc:1)
  An acid dragon (D:12)
  A water moccasin (Lair:2)
  3 swamp worms
  7 orc warriors
  A sky beast (D:8)
  3 ogres
  2 wolves (Lair:2)
  2 centaurs
  2 kobold brigands
  A gnoll sergeant (D:9)
  3 wights
  2 killer bees (D:11)
  An electric eel (Lair:2)
  3 gnoll boudas
  A jelly (D:7)
  A sleepcap (D:8)
  2 iguanas
  3 orc wizards
  2 ogre zombies (D:10)
  7 gnolls
  3 adder zombies (Ossuary)
  13 orcs
  A gnoll zombie (Ossuary)
  7 kobolds
  A goblin zombie (D:10)
  A hobgoblin skeleton (D:10)
  2 hobgoblin zombies
  3 orc zombies (D:10)
109 creatures vanquished.

Vanquished Creatures (others)
  28 knights
  2 gnolls (D:9)
  15 foxfires
45 creatures vanquished.

Grand Total: 596 creatures vanquished

Notes
Turn   | Place    | Note
-------+----------+-------------------------------------------
     0 | D:1      | Aneyh the Tengu Monk began the quest for the Orb.
     0 | D:1      | Reached XP level 1. HP: 14/14 MP: 2/2
   100 | D:1      | Reached XP level 2. HP: 19/19 MP: 3/3
   489 | D:2      | Reached XP level 3. HP: 23/23 MP: 4/4
  1293 | D:3      | Reached XP level 4. HP: 28/28 MP: 5/5
  1321 | D:3      | Found a basalt altar of Yredelemnul.
  1343 | D:3      | Found a sacrificial altar of Ru.
  1411 | D:3      | Reached skill level 5 in Axes
  1872 | D:3      | Noticed Jessica
  1876 | D:3      | Killed Jessica
  1877 | D:3      | Reached XP level 5. HP: 27/32 MP: 6/6
  2132 | D:4      | Noticed an ogre
  2141 | D:4      | Killed an ogre
  2147 | D:4      | Reached XP level 6. HP: 32/37 MP: 7/7
  2682 | D:4      | Found a burning altar of Makhleb.
  2784 | D:5      | Entered Level 5 of the Dungeon
  2937 | D:5      | Gained mutation: Your magical flight helps you evade
                  | attacks. (EV +4) [Tengu growth]
  2937 | D:5      | Reached XP level 7. HP: 27/41 MP: 8/8
  3090 | D:5      | Found Edoemek's Armour Shop.
  3187 | D:5      | Reached XP level 8. HP: 10/46 MP: 9/9
  3191 | D:5      | Found an ornate altar of the Wu Jian Council.
  3209 | D:5      | Reached skill level 10 in Axes
  3307 | D:5      | Found Tasch's Book Shoppe.
  3945 | D:6      | Found a staircase to the Ecumenical Temple.
  4040 | Temple   | Entered the Ecumenical Temple
  4063 | Temple   | Became a worshipper of Hepliaklqana the Forgotten
  4063 | Temple   | Reached * piety under Hepliaklqana
  4063 | Temple   | Reached ** piety under Hepliaklqana
  4064 | Temple   | Remembered your ancestor Centenhua as a knight
  4295 | D:6      | Found a sand-covered staircase.
  4348 | Ossuary  | Entered an ossuary
  4590 | Ossuary  | Reached XP level 9. HP: 46/46 MP: 10/10
  4596 | Ossuary  | Reached skill level 4 in Fighting
  5067 | D:6      | Reached skill level 5 in Fighting
  5418 | D:6      | Found a runed translucent door.
  5419 | D:6      | Noticed Crazy Yiuf
  5528 | D:6      | Killed Crazy Yiuf
  5832 | D:7      | Reached skill level 6 in Fighting
  5980 | D:7      | Noticed a boulder beetle
  6196 | D:7      | Killed a boulder beetle
  6197 | D:7      | Reached skill level 8 in Fighting
  6385 | D:7      | Gained mutation: You are agile. (Dex +4, Str/Int -1)
                  | [potion of mutation]
  6385 | D:7      | Gained mutation: You occasionally lose the ability to drink
                  | potions when taking damage. [potion of mutation]
  6385 | D:7      | Gained mutation: Your natural rate of healing is unusually
                  | fast. [potion of mutation]
  6397 | D:7      | Identified the +5 ring mail of Laen Buf {Int+3 Stlth+}
  6448 | D:7      | Reached skill level 9 in Fighting
  6475 | D:7      | Reached XP level 10. HP: 44/57 MP: 11/11
  6878 | D:8      | Reached *** piety under Hepliaklqana
  7024 | D:8      | Found a shimmering blue altar of Sif Muna.
  7362 | D:8      | Found an ancient bone altar of Kikubaaqudgha.
  7484 | D:8      | Found an opulent altar of Gozag.
  7882 | D:8      | Reached skill level 10 in Fighting
  8479 | D:9      | Reached XP level 11. HP: 52/65 MP: 12/12
  8558 | D:9      | Reached skill level 11 in Fighting
  8803 | D:10     | Entered Level 10 of the Dungeon
  8861 | D:10     | Found Soqojaf's Assorted Antiques.
  8871 | D:10     | Bought 2 potions of heal wounds for 200 gold pieces
  8951 | D:10     | Reached **** piety under Hepliaklqana
  9069 | D:10     | Found a staircase to the Orcish Mines.
  9226 | D:10     | Noticed a two-headed ogre
  9235 | D:10     | Killed a two-headed ogre
  9236 | D:10     | Reached skill level 12 in Fighting
  9446 | D:10     | Found a glowing golden altar of the Shining One.
  9486 | D:10     | Found a stormy altar of Qazlal.
  9488 | D:10     | Found a hazy altar of Hepliaklqana.
  9488 | D:10     | Found an opulent altar of Gozag.
  9504 | D:10     | Found a sparkling altar of Nemelex Xobeh.
  9504 | D:10     | Found a basalt altar of Yredelemnul.
  9504 | D:10     | Found a shimmering altar of Xom.
  9878 | Orc:1    | Entered Level 1 of the Orcish Mines
  9878 | Orc:1    | Noticed an orc sorcerer
  9904 | D:10     | Killed an orc sorcerer
  9926 | Orc:1    | Noticed an orc knight
 10101 | D:11     | Reached skill level 13 in Fighting
 10220 | D:11     | Noticed a two-headed ogre
 10233 | D:11     | Killed a two-headed ogre
 10304 | D:11     | Noticed a red ugly thing
 10324 | D:11     | Killed a red ugly thing
 10422 | D:11     | Reached skill level 14 in Fighting
 10422 | D:11     | Noticed a manticore
 10431 | D:11     | Killed a manticore
 10435 | D:11     | Noticed a manticore
 10448 | D:11     | Killed a manticore
 10449 | D:11     | Reached XP level 12. HP: 54/77 MP: 13/13
 10570 | D:11     | Got Kiezy's Incunable of Doom and the Geologist
 10583 | D:11     | Noticed a death knight
 10585 | D:11     | Noticed Gastronok
 10585 | D:11     | Noticed an ice dragon
 10587 | D:11     | Noticed a tengu warrior
 10800 | D:11     | Noticed a two-headed ogre
 10995 | D:10     | Killed a two-headed ogre
 10996 | D:10     | Reached skill level 15 in Fighting
 11090 | D:11     | Killed an ice dragon
 11357 | D:11     | Noticed Harold
 11464 | D:10     | Killed Gastronok
 11761 | D:10     | Killed Harold
 11922 | D:11     | Reached skill level 16 in Fighting
 12157 | D:11     | Killed a tengu warrior
 12407 | D:12     | Noticed Lodul
 12463 | D:11     | Reached skill level 17 in Fighting
 12514 | D:11     | HP: 1/81 [yak (15)]
 12973 | D:11     | Killed Lodul
 12974 | D:11     | Reached XP level 13. HP: 29/86 MP: 11/14
 13436 | D:12     | Reached ***** piety under Hepliaklqana
 13438 | D:12     | Found Piriv's CLEARANCE SALE!.
 13769 | D:13     | Reached skill level 1 in Maces & Flails
 14171 | D:12     | Reached skill level 18 in Fighting
 14873 | D:13     | Identified the +1 cloak of the Shoals {Harm}
 15613 | D:14     | Reached skill level 5 in Maces & Flails
 15669 | D:13     | HP: 4/87 [tengu warrior/+0 war axe (3)]
 15784 | D:14     | Noticed Rupert
 15798 | D:14     | Killed Rupert
 15896 | D:14     | Found a gate to the Vaults.
 15896 | D:14     | Noticed an ironbound preserver
 16054 | D:15     | Entered Level 15 of the Dungeon
 16216 | D:15     | Noticed Jorgrun
 16755 | Orc:2    | Entered Level 2 of the Orcish Mines
 16755 | Orc:2    | Noticed an ettin
 16762 | Orc:2    | Killed an ettin
 16768 | Orc:2    | Reached XP level 14. HP: 93/93 MP: 15/15
 16865 | Orc:2    | Noticed Saint Roka
 17585 | D:11     | Found a staircase to the Lair.
 17731 | D:11     | Reached skill level 19 in Fighting
 17785 | Lair:1   | Entered Level 1 of the Lair of Beasts
 17827 | Lair:1   | Noticed Jeremiah
 18056 | Lair:1   | Killed Jeremiah
 18426 | Lair:1   | Reached ****** piety under Hepliaklqana
 18608 | Lair:1   | Noticed Erica
 19190 | Lair:2   | Found a staircase to the Swamp.
 19203 | Swamp:1  | Entered Level 1 of the Swamp
 20188 | Swamp:1  | Reached skill level 1 in Armour
 20285 | Swamp:1  | Reached skill level 20 in Fighting
 20763 | Swamp:2  | Noticed an eleionoma
 20764 | Swamp:2  | Slain by a six-headed hydra

Illustrated notes

Levels and vault maps discovered:
D:1:      minmay_arrival_jagged, layout_rooms, serial_glass, glass_columns_c,
          glass_columns_a, glass_columns_a, glass_columns_c, glass_columns_a,
          glass_columns_a, minmay_misc_feat_x, amcnicky_mini_corridor_feature
D:2:      layout_basic
D:3:      layout_loops_corners, nicolae_ru_sacrificial_ziggurat,
          yredelemnul_forgotten_temple_becter, uniq_jessica
D:4:      layout_cave_pools, marbit_many_paths, minmay_ruptured
D:5:      layout_rooms, mainiacjoe_overflow_concentric_impassable, serial_shops,
          shop_statue, portal_sewer_entry_e, nicolae_take_the_stairs,
          saegor_snake_ambush
D:6:      layout_basic, minmay_temple_entry_statues, gup_ossuary_entry_pyramid,
          amcnicky_mini_pool_small, uniq_crazy_yiuf_cottage
D:7:      layout_loops_ring, serial_rivers, chequers_serial_rivers_large_a,
          chequers_serial_rivers_small_3, chequers_serial_rivers_micro_d,
          chequers_serial_rivers_micro_c, chequers_serial_rivers_room_b,
          chequers_serial_rivers_room_a, nicolae_elevator_lobby_plus
D:8:      layout_basic, lemuel_blue_sif_altar, grunt_gozag_breadcrumbs,
          old_standard_altar
D:9:      layout_cave_pools, serial_undead, serial_undead_f, serial_undead_e,
          serial_undead_f, serial_undead_c, serial_undead_a, serial_undead_b
D:10:     layout_basic, nicolae_tso_swordbearing_angel, doesnt_xom_only_xom,
          zombieorc2_lemuel, serial_shops, shop
D:11:     minmay_the_grid_net [minmay_the_grid_zigzag_pyramid,
          minmay_the_grid_mess, minmay_the_grid_box_x,
          minmay_the_grid_minigrid_medium, minmay_the_grid_broken_lines,
          minmay_the_grid_prize_big_room], layout_basic, uniq_harold,
          uniq_gastronok
D:12:     layout_cave_pools, serial_bayou_pond_e, nicolae_shop_clearance,
          uniq_lodul
D:13:     layout_rooms
D:14:     layout_irregular_city, skrybe_vaults_entry_preservation,
          serial_bayou_shore_a, uniq_rupert
D:15:     hangedman_depths_entry_try_elsewhere_first, layout_loops_ring,
          uniq_jorgrun, uniq_azrael
Temple:   oiseaux_autumnal_temple
Lair:1:   layout_layer_cave, beast_lair_carwin_10, uniq_erica, uniq_jeremiah
Lair:2:   beast_lair_carwin_large_3, layout_long_grid,
          nicolae_swamp_entry_splash_gauntlet, nicolae_spider_entry_orb_guardian
Swamp:1:  layout_basic_swamp, gammafunk_ghost_wrathful_warriors,
          hangedman_swamp_lotus, swamp_pool3
Swamp:2:  layout_basic_swamp, evilmike_swamp_ruin_house_2, swamp_pool3,
          infiniplex_staircase_pool
Orc:1:    layout_diamond_mine, nicolae_volcano_entry_hallway
Orc:2:    st_orc_elflike, layout_diamond_mine, okawaru_metal_pillars_1_2,
          uniq_saint_roka

Skill      XL: |  1  2  3  4  5  6  7  8  9 10 11 12 13 14 |
---------------+-------------------------------------------+-----
Axes           | 4 5 6 8 9 12 14 | 14.0
Dodging        | 4 |  4.0
Fighting       | 9 10 14 17 18 20 | 20.2
Maces & Flails | 7 9 |  9.5
Armour         | 3 |  3.2

Action                     |  1- 3 |  4- 6 |  7- 9 | 10-12 | 13-15 || total
---------------------------+-------+-------+-------+-------+-------++-------
  Melee: Hand axe          |    64 |       |       |       |       ||    64
         Kick              |    17 |    43 |   131 |   328 |   197 ||   716
         Peck              |    14 |    22 |    78 |   199 |   115 ||   428
         Spear             |    23 |   146 |   487 |   750 |     7 ||  1413
         Punch             |       |     6 |     2 |    12 |       ||    20
         War axe           |       |       |       |   130 |    10 ||   140
         Great mace        |       |       |       |       |   450 ||   450
         Trident           |       |       |       |       |    41 ||    41
         Battleaxe         |       |       |       |       |    27 ||    27
  Throw: Throwing net      |       |       |       |       |     4 ||     4
 Invoke: Ancestor Life: Kn |       |       |     1 |       |       ||     1
         Recall Ancestor   |       |       |       |     7 |     8 ||    15
    Use: Scroll            |       |     4 |     9 |     6 |    13 ||    32
         Potion            |       |     2 |     1 |     5 |    10 ||    18
   Stab: Sleeping          |     6 |     8 |     7 |     6 |     3 ||    30
         Distracted        |       |     1 |     4 |    10 |    10 ||    25
 Armour: Robe              |    35 |    45 |    84 |    10 |       ||   174
         Troll leather arm |       |       |       |   294 |   438 ||   732
         Leather armour    |       |       |       |    27 |       ||    27
         Skin              |       |       |       |       |    25 ||    25
  Dodge: Dodged            |    61 |    59 |   210 |   652 |   683 ||  1665
  Block: Other             |       |       |       |       |   123 ||   123
         Reflection        |       |       |       |       |     6 ||     6

Table legend: (Time is in decaauts)
 A = Elapsed time spent in this place.
 B = Non-inter-level travel time spent in this place.
 C = Inter-level travel time spent in this place.
 D = Time resting spent in this place.
 E = Time spent auto-exploring this place.
 F = Levels seen in this place.
 G = Mean time per level.
                   A        B        C        D        E       F      G
               +--------+--------+--------+--------+--------+-----+--------+
         Total |  20511 |  19244 |   1267 |   5070 |   8134 |  23 |  891.8 |
       Dungeon |  16670 |  15503 |   1167 |   3791 |   7021 |  15 | 1111.3 |
        Temple |     47 |      6 |     41 |      0 |      0 |   1 |   47.0 |
          Lair |   1267 |   1267 |      0 |    165 |    532 |   2 |  633.5 |
         Swamp |   1546 |   1546 |      0 |    928 |    159 |   2 |  773.0 |
  Orcish Mines |    716 |    658 |     58 |    151 |    285 |   2 |  358.0 |
       Ossuary |    262 |    262 |      0 |     35 |    137 |   1 |  262.0 |
               +--------+--------+--------+--------+--------+-----+--------+

Top non-repeatable levels by time:
    D:10: 2515 daAuts
    D:11: 2337 daAuts
     D:6: 1418 daAuts
    D:13: 1394 daAuts
 Swamp:1: 1346 daAuts
     D:8: 1245 daAuts
     D:7: 1156 daAuts
     D:5: 1064 daAuts
    D:12: 1055 daAuts
     D:9: 967 daAuts
  Lair:1: 921 daAuts
     D:3: 859 daAuts
     D:2: 785 daAuts
     D:4: 645 daAuts
    D:14: 592 daAuts
